 Dungeon Crawl Stone Soup version 0.27-a0-59-gfbafd837a3 (webtiles) character file.

Game seed: 15038559290379510077

43 jmlagarto the Shooter (level 3, 0/27 HPs)
             Began as a Demonspawn Hunter on Jan 8, 2021.
             Slain by a goblin
             ... wielding a +0 club
             ... led by Robin
              (3 damage)
             ... on level 2 of the Dungeon.
             The game lasted 00:05:52 (1610 turns).

jmlagarto the Shooter (Demonspawn Hunter)           Turns: 1610, Time: 00:05:52

Health: 0/27       AC:  4    Str:  9 (12) XL:     3   Next: 37%
Magic:  3/3        EV: 11    Int:  9 (12) God:
Gold:   72         SH:  0    Dex: 11 (14) Spells: 2/2 levels left

rFire    . . .     SeeInvis .   b - +0 short sword
rCold    + . .     Faith    .   (no shield)
rNeg     . . .     Spirit   .   c - +0 leather armour
rPois    .         Reflect  .   (helmet restricted)
rElec    .         Harm     .   l - +0 cloak
rCorr    .         Rampage  .   (no gloves)
Will     .....                  (no boots)
Stlth    +.........             (no amulet)
HPRegen  0.09/turn              (no ring)
MPRegen  0.08/turn              (no ring)

@: hasted, very quick
A: antennae 1, cold resistance 1
a: no special abilities


You were on level 2 of the Dungeon.
You visited 1 branch of the dungeon, and saw 2 of its levels.

You collected 72 gold pieces.

Inventory:

Hand Weapons
 a - a +1 shortbow
 b - a +0 short sword (weapon)
Missiles
 d - 17 arrows
Armour
 c - a +0 leather armour (worn)
 l - a +0 cloak (worn)
Jewellery
 f - an uncursed ring of poison resistance {unknown}
Scrolls
 e - a scroll of fear {unknown}
 h - 2 scrolls of identify {unknown}
 i - a scroll of random uselessness {unknown}
 j - a scroll of remove curse


   Skills:
 + Level 2.2 Fighting
 + Level 4.5 Bows
 + Level 0.3 Armour
 + Level 1.8 Dodging
 + Level 0.8 Stealth


You had 2 spell levels left.
You didn't know any spells.
Your spell library was empty.

Dungeon Overview and Level Annotations

Branches:
Dungeon (2/15)

Altars:
Vehumet

Annotations:
D:2 Robin, Sigmund


Innate Abilities, Weirdness & Mutations

You have a pair of small antennae on your head.
Your flesh is cold resistant. (rC+)


Message History

The goblin hits you but does no damage.
You hear a shout!
You closely miss the goblin.
The hobgoblin no longer looks unusually strong.
You hit the goblin.
The goblin is moderately wounded.
The goblin no longer looks unusually strong.
The hobgoblin hits you with a +0 club.
* * * LOW HITPOINT WARNING * * *
The goblin barely misses you.
You hit the goblin.
The goblin is severely wounded.
Robin roars a battlecry!
The goblins go into a battle-frenzy!
The hobgoblin hits you with a +0 club.
* * * LOW HITPOINT WARNING * * *
You closely miss the goblin.
The goblin is severely wounded.
The goblin hits you with a +0 club.
You die...

#..†..###.#
#..<..# #.#
#.....# #.#
#.#+###
#.#.# #.
#.#.# #.
#.#.# #.
#.#.#
#.#####)#.#
#...g@g†#.#
#######g#'##
#.{...#
#..g[.#
+.....####
#........#
####.....#
#g....#
........#


You could see Robin, a hobgoblin (strong) and a goblin (strong).

Vanquished Creatures
  2 worms (D:2)
  5 giant cockroaches
  7 goblins
  3 hobgoblins
  4 jackals (D:1)
  4 bats
  2 frilled lizards (D:1)
  A kobold (D:1)
  6 rats
34 creatures vanquished.

Notes
Turn   | Place    | Note
-------+----------+-------------------------------------------
     0 | D:1      | jmlagarto the Demonspawn Hunter began the quest for the
                  | Orb.
     0 | D:1      | Reached XP level 1. HP: 16/16 MP: 1/1
   107 | D:1      | Reached skill level 4 in Bows
   128 | D:1      | Gained mutation: You have a pair of small antennae on your
                  | head. [demonic ancestry]
   128 | D:1      | Reached XP level 2. HP: 3/22 MP: 2/2
  1104 | D:2      | Gained mutation: Your flesh is cold resistant. (rC+)
                  | [demonic ancestry]
  1104 | D:2      | Reached XP level 3. HP: 27/27 MP: 3/3
  1204 | D:2      | Noticed Sigmund
  1588 | D:2      | Found a radiant altar of Vehumet.
  1590 | D:2      | Noticed Robin
  1610 | D:2      | Slain by a goblin

Illustrated notes

Levels and vault maps discovered:
D:1:      scummos_arrival_checkerplants, layout_basic
D:2:      layout_basic, vehumet_crystals, uniq_sigmund, uniq_natasha, uniq_robin

Skill      XL: |  1 |
---------------+----+-----
Bows           | 4 |  4.5
Fighting       | |  2.2
Armour         | |  0.3
Dodging        | |  1.8
Stealth        | |  0.8

Action                   || total
-------------------------++-------
Melee: Short sword       ||    37
 Fire: Shortbow          ||    87
  Use: Scroll            ||     1
       Potion            ||     2
Armor: Leather armour    ||    28
Dodge: Dodged            ||    66

Table legend: (Time is in decaauts)
 A = Elapsed time spent in this place.
 B = Non-inter-level travel time spent in this place.
 C = Inter-level travel time spent in this place.
 D = Time resting spent in this place.
 E = Time spent auto-exploring this place.
 F = Levels seen in this place.
 G = Mean time per level.
                   A        B        C        D        E       F      G
               +--------+--------+--------+--------+--------+-----+--------+
         Total |   1620 |   1620 |      0 |      0 |   1191 |   2 |  810.0 |
       Dungeon |   1620 |   1620 |      0 |      0 |   1191 |   2 |  810.0 |
               +--------+--------+--------+--------+--------+-----+--------+

Top non-repeatable levels by time:
     D:1: 1328 daAuts
     D:2: 291 daAuts
